 Dungeon Sprint DCSS version 0.26-a0-958-gf3041fb45f (webtiles) character file.

Game seed: 1882200601528007108

9379 iamoutofideas the Eclecticist (level 11, -32/54 HPs)
             Began as a Deep Elf Fire Elementalist on Dec 2, 2020.
             Was the Champion of Vehumet.
             Shot with an arrow by a deep elf master archer (46 damage)
             ... in the Dungeon (Sprint III: "The Ten Rune Challenge").
             The game lasted 00:07:56 (2710 turns).

iamoutofideas the Eclecticist (DEFE)                Turns: 2710, Time: 00:07:58

Health: -32/54     AC:  6    Str:  5    XL:     11   Next: 22%
Magic:  33/36      EV: 12    Int: 24    God:    Vehumet [******]
Gold:   494        SH:  0    Dex: 17    Spells: 30/48 levels left

rFire    . . .     SeeInvis .   (no weapon)
rCold    . . .     Faith    .   (no shield)
rNeg     . . .     Spirit   .   t - +0 leather armour
rPois    .         Reflect  .   (helmet restricted)
rElec    .         Harm     .   (no cloak)
rCorr    .         Rampage  .   o - +0 pair of gloves
MR       +....     NoTele   +   (no boots)
Stlth    ++........             (no amulet)
HPRegen  0.18/turn              (no ring)
MPRegen  0.25/turn              (no ring)

@: no status effects
A: claws 1, horns 1, yellow scales 1, agile 1, evolution 1
a: Renounce Religion


You were in the Dungeon.
You worshipped Vehumet.
Vehumet was exalted by your worship.
You visited 1 branch You collected 1231 gold pieces.
You spent 737 gold pieces at shops.

Inventory:

Armour
 a - a +0 robe
 o - a +0 pair of gloves (worn)
 t - a +0 leather armour (worn)
Scrolls
 b - a scroll of remove curse
 h - 2 scrolls of blinking
 i - 2 scrolls of immolation
 j - a scroll of identify
Potions
 c - 4 potions of curing
 d - 2 potions of heal wounds
 e - 4 potions of haste
 f - 2 potions of magic
 g - 2 potions of berserk rage
 k - 2 potions of mutation
 l - a potion of cancellation
 m - 2 potions of flight
 n - a potion of might
 q - a potion of resistance
 r - a potion of ambrosia
 s - a potion of brilliance
Miscellaneous
 p - a phantom mirror


   Skills:
 - Level 2.7 Dodging
 - Level 2.9 Stealth
 + Level 19.3 Spellcasting
 + Level 16.5 Conjurations
 + Level 17.0 Fire Magic


You had 30 spell levels left.
You knew the following spells:

 Your Spells              Type           Power        Failure   Level
a - Foxfire               Conj/Fire      ####         0%          1
b - Sticky Flame          Conj/Fire      #######.     1%          4
c - Fireball              Conj/Fire      #######...   1%          5
d - Mephitic Cloud        Conj/Pois/Air  #####...     1%          3
e - Blink                 Tloc           N/A          4%          2
f - Frozen Ramparts       Ice            ###...       2%          3

Your spell library contained the following spells:

 Spells                   Type           Power        Failure   Level
 Conjure Ball Lightning   Conj/Air       ######....   4%          6
 Magic Dart               Conj           ####         0%          1
 Conjure Flame            Conj/Fire      #######.     0%          3
 Inner Flame              Hex/Fire       ######..     1%          3
 Call Imp                 Summ           ###.....     4%          2
 Slow                     Hex            ###.....     4%          2


Dungeon Overview and Level Annotations

Branches:
Dungeon (1/1)

Altars:
Cheibriados
Dithmenos
Elyvilon
Fedhas
Gozag
Hepliaklqana
Kikubaaqudgha
Makhleb
Nemelex Xobeh
Okawaru
Qazlal
Ru
Sif Muna
Trog
Uskayaw
Vehumet
Wu Jian
Xom
Yredelemnul
Zin
The Shining One
Beogh
Jiyva
Lugonu

Shops:
D !


Innate Abilities, Weirdness & Mutations

You have sharp fingernails.
You have a pair of small horns on your head.
You are partially covered in yellow scales. (AC +2)
You are agile. (Dex +2)
You evolve.


Message History

You see here 2 arrows.
You see here 2 arrows.
You see here 2 arrows.
A deep elf master archer is nearby!
Casting: Mephitic Cloud (safe; 1% risk of failure)
Confirm with . or Enter, or press ? or * to list all spells.
Okay, then.
Casting: Mephitic Cloud (safe; 1% risk of failure)
Confirm with . or Enter, or press ? or * to list all spells.
Aiming: Mephitic Cloud (safe; 1% risk of failure)
Press: ? - help, Shift-Dir - straight line The ball explodes into a vile cloud!
The deep elf master archer shoots an arrow.
The arrow hits you!!!
Ouch! That really hurt!
* * * LOW HITPOINT WARNING * * *
The deep elf master archer shoots an arrow.
The arrow hits you!!!
Ouch! That really hurt!
You die...

▓▓▓▓ # #######..#######
### ###.##..#..'.#...#
..[[
#..)......##.#...##≈☼§≈#
#..))....###.#..@≈≈≈☼§§e
#))[))...# #.#)..##≈§§≈#
#.)###.∩.# #.))..# )..'
#)###..### ####### ###
#'#####################
#....#)#.#.....#^.^...+
##.#))#)##)###.#...^^.#
'##.#.#.##.#..##......#
#...#..#.)##..'...†)..#


You could see a deep elf master archer.

Vanquished Creatures
  A deep elf demonologist (D)
  Erolcha (D)
  2 deep elf high priests (D)
  An orc knight (D)
  8 deep elf magi (D)
  3 wandering mushrooms (D)
  2 redbacks (D)
  A shadow (D)
  3 orc warriors (D)
  A necrophage (D)
  5 two-headed ogres (D)
  A water elemental (D)
  A scorpion (D)
  A jelly (D)
  A wizard (D)
  2 orc priests (D)
  A necromancer (D)
  A kobold demonologist (D)
  3 humans (D)
  An ooze (D)
  11 orcs (D)
  A goblin (D)
  3 rats (D)
55 creatures vanquished.

Vanquished Creatures (others)
  64 foxfires (D)
64 creatures vanquished.

Grand Total: 119 creatures vanquished

Notes
Turn   | Place    | Note
-------+----------+-------------------------------------------
     0 | D        | iamoutofideas the Deep Elf Fire Elementalist began the
                  | quest for the Orb.
     0 | D        | Reached XP level 1. HP: 10/10 MP: 6/6
   171 | D        | Reached skill level 4 in Spellcasting
   171 | D        | Reached skill level 5 in Fire Magic
   171 | D        | Reached XP level 2. HP: 3/15 MP: 0/9
   418 | D        | Noticed a scorpion
   425 | D        | Killed a scorpion
   426 | D        | Reached skill level 6 in Spellcasting
   426 | D        | Reached XP level 3. HP: 19/19 MP: 3/12
   426 | D        | Reached XP level 4. HP: 24/24 MP: 3/14
   447 | D        | Gained mutation: You expend magic power (3 MP) to
                  | strengthen your wands. [potion of mutation]
   447 | D        | Gained mutation: You are robust. (+10% HP) [potion of
                  | mutation]
   447 | D        | Gained mutation: Your magical capacity is low. (-10% MP)
                  | [potion of mutation]
   447 | D        | Gained mutation: Your mind is acute. (Int +2) [potion of
                  | mutation]
   448 | D        | Lost mutation: You are robust. (+10% HP) [potion of
                  | mutation]
   448 | D        | Lost mutation: Your mind is acute. (Int +2) [potion of
                  | mutation]
   448 | D        | Gained mutation: Your system is resistant to poisons.
                  | (rPois) [potion of mutation]
   448 | D        | Gained mutation: You are partially covered in yellow
                  | scales. (AC +2) [potion of mutation]
   449 | D        | Lost mutation: Your system is resistant to poisons. (rPois)
                  | [potion of mutation]
   449 | D        | Lost mutation: Your magical capacity is low. (-10% MP)
                  | [potion of mutation]
   449 | D        | Lost mutation: You expend magic power (3 MP) to strengthen
                  | your wands. [potion of mutation]
   449 | D        | Gained mutation: You are agile. (Dex +2) [potion of
                  | mutation]
   449 | D        | Gained mutation: You have a pair of small horns on your
                  | head. [potion of mutation]
   449 | D        | Gained mutation: You evolve. [potion of mutation]
   503 | D        | Learned a level 4 spell: Sticky Flame
   504 | D        | Noticed a water elemental
   512 | D        | Killed a water elemental
   513 | D        | Reached skill level 7 in Spellcasting
   513 | D        | Reached skill level 5 in Conjurations
   568 | D        | Found a basalt altar of Yredelemnul.
   568 | D        | Found a shadowy altar of Dithmenos.
   568 | D        | Found a sacrificial altar of Ru.
   568 | D        | Noticed a necrophage
   573 | D        | Reached skill level 8 in Spellcasting
   573 | D        | Reached XP level 5. HP: 25/28 MP: 11/17
   575 | D        | Killed a necrophage
   576 | D        | Reached skill level 9 in Spellcasting
   650 | D        | Found a radiant altar of Vehumet.
   650 | D        | Found a shimmering blue altar of Sif Muna.
   650 | D        | Found an ancient bone altar of Kikubaaqudgha.
   658 | D        | Learned a level 5 spell: Fireball
   662 | D        | Reached XP level 6. HP: 32/32 MP: 4/20
   671 | D        | Became a worshipper of Vehumet
   676 | D        | Learned a level 3 spell: Mephitic Cloud
   679 | D        | Learned a level 2 spell: Blink
   731 | D        | Gained mutation: You have sharp fingernails. [evolution]
   777 | D        | Found a glowing silver altar of Zin.
   777 | D        | Found a glowing golden altar of the Shining One.
   777 | D        | Found a white marble altar of Elyvilon.
   779 | D        | Killed a deep elf mage
   780 | D        | Reached skill level 12 in Spellcasting
   780 | D        | Reached skill level 10 in Fire Magic
   780 | D        | Reached XP level 7. HP: 36/36 MP: 10/24
   854 | D        | Found a hide-covered altar of Uskayaw.
   854 | D        | Found a roughly hewn altar of Beogh.
   854 | D        | Found an iron altar of Okawaru.
   854 | D        | Found a bloodstained altar of Trog.
   854 | D        | Found an ornate altar of the Wu Jian Council.
   854 | D        | Noticed a human
   856 | D        | Killed a human
   857 | D        | Reached skill level 10 in Conjurations
   857 | D        | Killed a human
   857 | D        | Reached * piety under Vehumet
   857 | D        | Offered knowledge of Sandblast by Vehumet.
   942 | D        | Killed a shadow
   943 | D        | Reached skill level 13 in Spellcasting
   943 | D        | Reached XP level 8. HP: 41/41 MP: 24/27
   984 | D        | Found a blossoming altar of Fedhas.
   984 | D        | Found a stormy altar of Qazlal.
   984 | D        | Found a snail-covered altar of Cheibriados.
   984 | D        | Found a burning altar of Makhleb.
   984 | D        | Found a shimmering altar of Xom.
   985 | D        | Found a hazy altar of Hepliaklqana.
   985 | D        | Found an opulent altar of Gozag.
   985 | D        | Found a sparkling altar of Nemelex Xobeh.
   985 | D        | Found a corrupted altar of Lugonu.
   985 | D        | Found a viscous altar of Jiyva.
  1006 | D        | Reached ** piety under Vehumet
  1099 | D        | Noticed a two-headed ogre
  1106 | D        | Killed a two-headed ogre
  1106 | D        | Offered knowledge of Shock by Vehumet.
  1107 | D        | Reached skill level 14 in Spellcasting
  1115 | D        | Noticed a two-headed ogre
  1223 | D        | Noticed Erolcha
  1233 | D        | Killed Erolcha
  1234 | D        | Reached skill level 15 in Spellcasting
  1234 | D        | Reached XP level 9. HP: 32/45 MP: 7/30
  1349 | D        | Offered knowledge of Frozen Ramparts by Vehumet.
  1349 | D        | Reached *** piety under Vehumet
  1352 | D        | Killed a two-headed ogre
  1433 | D        | Noticed a wandering mushroom
  1441 | D        | Learned a level 3 spell: Frozen Ramparts
  1445 | D        | Noticed a wandering mushroom
  1446 | D        | Killed a wandering mushroom
  1446 | D        | Offered knowledge of Dazzling Flash by Vehumet.
  1453 | D        | Killed a wandering mushroom
  1453 | D        | Reached **** piety under Vehumet
  1454 | D        | Reached skill level 16 in Spellcasting
  1455 | D        | Noticed a wandering mushroom
  1458 | D        | Killed a wandering mushroom
  1538 | D        | Noticed an orc knight
  1542 | D        | Reached ***** piety under Vehumet
  1548 | D        | Killed an orc knight
  1548 | D        | Reached ****** piety under Vehumet
  1549 | D        | Reached XP level 10. HP: 37/50 MP: 6/32
  1688 | D        | Found Tiudab's Distillery.
  1709 | D        | Bought a potion of curing for 33 gold pieces
  1709 | D        | Bought a potion of curing for 33 gold pieces
  1709 | D        | Bought a potion of curing for 33 gold pieces
  1734 | D        | Bought 2 potions of haste for 220 gold pieces
  1734 | D        | Bought a potion of resistance for 110 gold pieces
  1734 | D        | Bought a potion of ambrosia for 88 gold pieces
  1734 | D        | Bought a potion of curing for 33 gold pieces
  1734 | D        | Bought a potion of haste for 110 gold pieces
  1734 | D        | Bought a potion of brilliance for 44 gold pieces
  1744 | D        | Bought a potion of flight for 33 gold pieces
  1751 | D        | Noticed a deep elf mage
  1751 | D        | Noticed a deep elf mage
  1751 | D        | Noticed a deep elf mage
  1751 | D        | Noticed a deep elf mage
  1751 | D        | Noticed a deep elf mage
  1761 | D        | Killed a deep elf mage
  1761 | D        | Offered knowledge of Olgreb's Toxic Radiance by Vehumet.
  1762 | D        | Reached skill level 17 in Spellcasting
  1762 | D        | Reached skill level 15 in Fire Magic
  1763 | D        | Killed a deep elf mage
  1763 | D        | Killed a deep elf mage
  1764 | D        | Reached skill level 15 in Conjurations
  1764 | D        | Killed a deep elf mage
  1767 | D        | Killed a deep elf mage
  1768 | D        | Reached skill level 18 in Spellcasting
  1992 | D        | Noticed a deep elf mage
  1994 | D        | Noticed a deep elf mage
  1994 | D        | Noticed a deep elf high priest
  1996 | D        | Killed a deep elf mage
  1996 | D        | Offered knowledge of Conjure Ball Lightning by Vehumet.
  1998 | D        | Killed a deep elf high priest
  1998 | D        | Noticed a deep elf annihilator
  1998 | D        | Noticed a deep elf master archer
  2083 | D        | Noticed a deep elf demonologist
  2251 | D        | Noticed a deep elf high priest
  2252 | D        | Noticed an orange demon
  2255 | D        | Killed a deep elf demonologist
  2256 | D        | Reached XP level 11. HP: 54/54 MP: 16/35
  2257 | D        | Killed a deep elf high priest
  2258 | D        | Reached skill level 19 in Spellcasting
  2367 | D        | Killed a deep elf mage
  2710 | D        | Shot with an arrow by a deep elf master archer

Illustrated notes

Levels and vault maps discovered:
D:        dungeon_sprint_mu [sprint_mu_entry_forest, sprint_mu_temple_rooms,
          sprint_mu_d1_spiders, sprint_mu_d2_genie, sprint_mu_d3_branching,
          sprint_mu_orc_legion, sprint_mu_elf_gauntlet, sprint_mu_hive_nellie,
          sprint_mu_lair_fedhas, sprint_mu_vaults_butterflies,
          sprint_mu_slime_circle, sprint_mu_swamp_cave, sprint_mu_snake_twists,
          sprint_mu_blade_basic, sprint_mu_crypt_lich, sprint_mu_tomb_spiral,
          sprint_mu_vestibule_basic, sprint_mu_gehenna_hellfire,
          sprint_mu_dis_giant, sprint_mu_tartarus_statrot,
          sprint_mu_cocytus_islands, sprint_mu_zot1]

Skill      XL: |  1  2  3  4  5  6  7  8  9 10 11 |
---------------+----------------------------------+-----
Fire Magic     | 5 6 7 8 10 11 13 14 16 17 | 17.0
Spellcasting   | 4 6 8 9 12 13 15 16 18 19 | 19.3
Conjurations   | 2 4 6 7 9 11 12 14 16 | 16.5
Dodging        | |  2.7
Stealth        | |  2.9

Action                   |  1- 3 |  4- 6 |  7- 9 | 10-12 || total
-------------------------+-------+-------+-------+-------++-------
Melee: Unarmed           |     1 |       |       |     2 ||     3
       Headbutt          |       |       |       |     1 ||     1
 Cast: Foxfire           |    24 |    14 |       |     1 ||    39
       Fireball          |       |     3 |    27 |    22 ||    52
       Sticky Flame      |       |     2 |     7 |     1 ||    10
       Mephitic Cloud    |       |       |     6 |     3 ||     9
       Blink             |       |       |     1 |       ||     1
       Frozen Ramparts   |       |       |     1 |     1 ||     2
  Use: Scroll            |       |     4 |       |       ||     4
       Potion            |       |     3 |       |     1 ||     4
Armor: Robe              |       |     1 |       |       ||     1
Dodge: Dodged            |     6 |     5 |     2 |     2 ||    15

Table legend: (Time is in decaauts)
 A = Elapsed time spent in this place.
 B = Non-inter-level travel time spent in this place.
 C = Inter-level travel time spent in this place.
 D = Time resting spent in this place.
 E = Time spent auto-exploring this place.
 F = Levels seen in this place.
 G = Mean time per level.
                   A        B        C        D        E       F      G
               +--------+--------+--------+--------+--------+-----+--------+
         Total |   2716 |   2641 |     75 |   2091 |      1 |   1 | 2716.0 |
       Dungeon |   2716 |   2641 |     75 |   2091 |      1 |   1 | 2716.0 |
               +--------+--------+--------+--------+--------+-----+--------+

Top non-repeatable levels by time:
       D: 2716 daAuts
